Construct Section Command Post
Selects Heavy Armor Battlegroup
Construct Platoon Command Post
Selects Rigorous Vehicle Training
Selects Light Vehicle Withdraw and Refit
6-pounder Anti-tank Gun Team
Unlock Bishop Self-propelled Artillery
Light Vehicle Withdraw and Refit
Bishop Self-propelled Artillery
Light Vehicle Withdraw and Refit
Bishop Self-propelled Artillery
Light Vehicle Withdraw and Refit
6-pounder Anti-tank Gun Team
Bishop Self-propelled Artillery
Selects Forward Repair Assembly
Construct Company Command Post
Unlock M3 Grant Medium Tanks
Selects Churchill Black Prince Heavy Tank
Churchill Black Prince Heavy Tank